 Dungeon Crawl Stone Soup version 0.20.0-4-g10b340a (webtiles) character file.

60 mopl the Shooter (level 3, 0/29 HPs)
             Began as a Centaur Hunter on May 27, 2017.
             Succumbed to an adder's poison
             ... on level 2 of the Dungeon.
             The game lasted 00:02:41 (1808 turns).

mopl the Shooter (Centaur Hunter)                   Turns: 1808, Time: 00:02:41

Health: 0/29       AC:  7    Str: 14 (15) XL:     3   Next: 82%
Magic:  3/3        EV:  8    Int:  8 (10) God:
Gold:   126        SH:  0    Dex:  7 (9)  Spells: 2/2 levels left

rFire    . . .     SeeInvis .   A - +0 spear (curse)
rCold    . . .     Gourm    .   (no shield)
rNeg     . . .     Faith    .   y - +0 ring mail
rPois    .         Spirit   .   x - +0 helmet
rElec    .         Reflect  .   (no cloak)
rCorr    .         Harm     .   e - +0 pair of gloves
MR       .....                  (no barding)
Stlth    ..........             (no amulet)
Regen    0.1/turn               (no ring)
MPRegen  0.1/turn               (no ring)

@: lethally poisoned (0 -> -4), very quick
A: hooves 3, deformed body, speed 2, tough skin 3
a: no special abilities


You were on level 2 of the Dungeon.
You were hungry.

You visited 1 branch of the dungeon, and saw 2 of its levels.

You collected 126 gold pieces.

Inventory:

Hand Weapons
 a - a +1 shortbow
 b - a +1 dagger of venom
 A - a cursed +0 spear (weapon)
Missiles
 d - 68 arrows
Armour
 e - a +0 pair of gloves (worn)
 x - a +0 helmet (worn)
 y - a +0 ring mail (worn)
Jewellery
 w - an uncursed ring of fire
Scrolls
 g - a scroll of blinking {unknown}
 k - a scroll of recharging {unknown}
 l - a scroll of fog {unknown}
 p - a scroll of enchant weapon {unknown}
 r - a scroll of remove curse {unknown}
 u - a scroll of magic mapping {unknown}
 B - a scroll of enchant armour {unknown}
Potions
 h - a potion of cancellation
 i - 3 potions of agility {unknown}
 j - 2 potions of curing {unknown}
 n - a potion of lignification {unknown}
 o - a potion of invisibility {unknown}
 q - a potion of degeneration
 t - a potion of mutation {unknown}
 z - a potion of heal wounds {unknown}
 C - a potion of haste {unknown}
Comestibles
 c - 4 fruits
 f - a bread ration
 m - a meat ration
 s - a royal jelly


   Skills:
 - Level 2.0 Fighting
 + Level 7.2 Bows
 - Level 1.3 Dodging
 - Level 0.4 Stealth


You had 2 spell levels left.
You didn't know any spells.

Dungeon Overview and Level Annotations

Branches:
Dungeon (2/15)

Altars:
Dithmenos
Gozag
The Shining One


Innate Abilities, Weirdness & Mutations

You have hooves in place of feet.
Armour fits poorly on your strangely shaped body.
You cover ground very quickly.
You have extremely tough skin. (AC +3)


Message History

The adder is almost dead.
* * * LOW HITPOINT WARNING * * *
You feel sick. The adder bites you.
* * * LOW HITPOINT WARNING * * *
Your ring mail prevents you from hitting the adder.
The adder is almost dead.
The adder bites you.
* * * LOW HITPOINT WARNING * * *
The adder barely misses you.
You hit the adder.
You kill the adder!
* * * LOW HITPOINT WARNING * * *
You feel sick.
* * * LOW HITPOINT WARNING * * *
You feel sick.
It was a potion of cancellation.
You feel magically purged.
It was a potion of degeneration.
There was something very wrong with that liquid.
You feel weakened.
You feel dopey.
You feel clumsy.
You die...

#..... .#
##..... #.
#...... #.
#<..... #. #.#
#..#... #. #.#
#..####
#.####.####..#
###...........#
##@....#..#
#.##
##..##...#.#
#.#
#....##?..†#
#..
#..._.#....##
#....##.....##
##..##.......##
##.....#.....#
###..######.###
#.#.###.....##


There were no monsters in sight!

Vanquished Creatures
  An adder (D:2)
  2 dart slugs (D:2)
  A leopard gecko (D:2)
  4 ball pythons (D:1)
  2 giant cockroaches (D:2)
  8 goblins
  3 hobgoblins (D:1)
  2 jackals (D:2)
  3 bats (D:2)
  6 frilled lizards
  5 kobolds
  7 rats
44 creatures vanquished.

Notes
Turn   | Place    | Note
-------+----------+-------------------------------------------
     0 | D:1      | mopl the Centaur Hunter began the quest for the Orb.
     0 | D:1      | Reached XP level 1. HP: 17/17 MP: 1/1
   276 | D:1      | Reached XP level 2. HP: 15/24 MP: 2/2
   476 | D:1      | Reached skill level 6 in Bows
   989 | D:2      | Reached XP level 3. HP: 16/29 MP: 3/3
  1489 | D:2      | Found a glowing golden altar of the Shining One.
  1738 | D:2      | Reached skill level 7 in Bows
  1757 | D:2      | Found an opulent altar of Gozag.
  1766 | D:2      | Found a shadowy altar of Dithmenos.
  1806 | D:2      | HP: 1/29 [poisoned by an adder]
  1808 | D:2      | Succumbed to an adder's poison

Skill      XL: |  1  2  3 |
---------------+----------+-----
Bows           | 6 7 |  7.2
Fighting       | |  2.0
Dodging        | |  1.3
Stealth        | |  0.4

Action                   || total
-------------------------++-------
Melee: Short sword       ||    93
       Kick              ||    17
       Spear             ||    32
       Dagger            ||     4
 Fire: Shortbow          ||    24
  Use: Potion            ||     2
  Eat: Chunk             ||     1
Armor: Leather armour    ||    48
       Ring mail         ||    16
Dodge: Dodged            ||    53
